 Dungeon Crawl Stone Soup version 0.31.0-12-g77e489cdc1 (webtiles) character file.

Game seed: 15893634603455957432

229 Silvore the Covered (level 5, 0/47 HPs)
             Began as a Minotaur Fighter on Feb 21, 2024.
             Slain by an ogre
             ... wielding a +0 giant spiked club
              (21 damage)
             ... on level 5 of the Dungeon.
             The game lasted 00:02:58 (3511 turns).

Silvore the Covered (Minotaur Fighter)              Turns: 3511, Time: 00:02:59

Health: 0/47       AC:  8    Str: 23    XL:     5   Next: 71%
Magic:  4/4        EV: 10    Int:  5    God:
Gold:   195        SH:  4    Dex:  9    Spells: 4/4 levels left

rFire   . . .        a - +0 flail
rCold   . . .        c - +0 buckler
rNeg    . . .        b - +0 scale mail
rPois   .            (helmet restricted)
rElec   .            (no cloak)
rCorr   .            o - +0 pair of gloves
SInv    .            (no boots)
Will    .....        (no amulet) Stlth
                     (no ring)
HPRegen 0.27/turn    (no ring)
MPRegen 0.09/turn

%: no passive effects
@: no status effects
A: horns 2, retaliatory headbutt
a: no special abilities


You were on level 5 of the Dungeon.
You visited 1 branch of the dungeon, and saw 5 of its levels.

You collected 195 gold pieces.

Inventory:

Hand Weapons
 a - a +0 flail (weapon)
Armour
 b - a +0 scale mail (worn)
 c - a +0 buckler (worn)
 o - a +0 pair of gloves (worn)
Jewellery
 k - a +6 ring of strength
Scrolls
 e - a scroll of noise
 j - a scroll of teleportation
 l - 2 scrolls of blinking
Potions
 d - a potion of might
 g - 2 potions of cancellation
 h - 2 potions of invisibility
 i - a potion of berserk rage
 m - a potion of brilliance


   Skills:
 + Level 4.8 Fighting
 + Level 3.9 Maces & Flails
 + Level 5.3 Armour
 + Level 1.4 Dodging
 + Level 0.3 Stealth
 + Level 4.5 Shields


You had 4 spell levels left.
You didn't know any spells.
Your spell library contained the following spells:

 Spells                   Type           Power      Damage    Failure   Level
 Blink                    Tloc           0%         N/A       93%         2
 Lesser Beckoning         Tloc           0%         N/A       93%         2
 Momentum Strike          Conj/Tloc      0%         3d8       93%         2
 Frozen Ramparts          Ice            0%         1d1       99%         3
 Leda's Liquefaction      Alch/Erth      0%         N/A       100%        4
 Petrify                  Alch/Erth      0%         N/A       100%        4
 Metabolic Englaciation   Hex/Ice        0%         N/A       100%        5


Dungeon Overview and Level Annotations

Branches:
Dungeon (5/15)
 Temple: D:4-7

Altars:
Ashenzari
Cheibriados
Dithmenos

Shops:
D:4 (


Innate Abilities, Weirdness & Mutations

You have a pair of horns on your head.
You reflexively headbutt those who attack you in melee.


Message History

There is an entrance to Xoinor's Weapon Emporium here.
There is an open door here.
You open the door.
There is an open door here.
There is an open door here.
There is an open door here.
There is an open door here.
You open the door.
There is an open door here.
There is an open door here.
There is an open door here.
You see here a staff of death.
Found a stone staircase leading down.
Done exploring.
Done exploring.
As you read the scroll labelled CIRAEX BYIMODE, it crumbles to dust.
It is a scroll of amnesia.
You feel forgetful for a moment.
As you read the scroll of identify, it crumbles to dust.
m - a potion of brilliance
There is a stone staircase leading down here.
You climb downwards.
You hear the sound of rushing water.
There is an entrance to a sewer on this level.
Hurry and find it before the portal rusts away!
Found a stone staircase leading up.
There is a stone staircase leading up here.
Found a stone staircase leading down.
You barely miss the ogre.
The ogre hits you with a +0 giant spiked club.
You hit the ogre.
The ogre is lightly wounded.
The ogre hits you with a +0 giant spiked club!!
Ouch! That really hurt!
You hit the ogre.
The ogre is moderately wounded.
Unknown command.
You hit the ogre but do no damage.
The ogre is moderately wounded.
The ogre hits you with a +0 giant spiked club!!
You die...

#.#.#....#
#......... ##
##..#....#....
... ...#.........
#.##..#........>
...#..#......#.#
#..<..#.O......#
#....@.......
.#..#........#...
.......<.........
...........#.#...
....#..#.....# ..
... #.......... .
.. #.##.###.#.#
.. ..# .#.. .#.
#.# #


You could see an ogre.

Vanquished Creatures
  A bombardier beetle (D:4)
  An orc priest (D:3)
  An iguana (D:4)
  2 orc wizards (D:4)
  3 adders
  A ribbon worm (D:3)
  A dart slug (D:3)
  7 orcs
  4 ball pythons
  3 endoplasms
  3 giant cockroaches
  4 goblins
  7 hobgoblins
  3 quokkas
  5 bats
  A frilled lizard (D:1)
  4 kobolds
  4 rats
55 creatures vanquished.

Notes
Turn   | Place    | Note
-------+----------+-------------------------------------------
     0 | D:1      | Silvore the Minotaur Fighter began the quest for the Orb.
     0 | D:1      | Reached XP level 1. HP: 19/19 MP: 0/0
   148 | D:1      | Reached skill level 4 in Armour
   148 | D:1      | Reached XP level 2. HP: 27/27 MP: 1/1
   557 | D:1      | Found a faded altar of an unknown god.
  1214 | D:2      | Reached XP level 3. HP: 33/33 MP: 2/2
  1654 | D:3      | Reached XP level 4. HP: 26/41 MP: 3/3
  2042 | D:3      | Found a broken altar of Ashenzari.
  2175 | D:3      | Found a snail-covered altar of Cheibriados.
  2494 | D:4      | Found a shadowy altar of Dithmenos.
  2560 | D:4      | Reached XP level 5. HP: 44/47 MP: 4/4
  2563 | D:4      | Reached skill level 5 in Armour
  2563 | D:4      | Reached skill level 1 in Dodging
  3341 | D:4      | Found Xoinor's Weapon Emporium.
  3503 | D:5      | Entered Level 5 of the Dungeon
  3503 | D:5      | Noticed an ogre
  3511 | D:5      | Slain by an ogre

Illustrated notes

Levels and vault maps discovered:
D:1:      minmay_arrival_three_doors, layout_basic, basic_ecumenical_altar
D:2:      layout_basic
D:3:      layout_basic, cheibrodos_worm_habitat, nicolae_ashenzari_skybound,
          minmay_between
D:4:      nicolae_cairo_tiling_large, layout_loops_corners,
          mainiacjoe_overflow_brackets, serial_shops,
          nicolae_shop_bloodbath_and_beyond, dk_rats_in_the_wall
D:5:      layout_basic, mainiacjoe_overflow_catwalk_spiral, temple_fountains,
          gup_sewer_entry_bubbles

Skill      XL: |  1  2  3  4  5 |
---------------+----------------+-----
Armour         | 4 5 |  5.3
Fighting       | 4 |  4.8
Shields        | 4 |  4.5
Maces & Flails | 3 |  3.9
Dodging        | 1 |  1.4
Stealth        | |  0.3

Action                     |  1- 3 |  4- 6 || total
---------------------------+-------+-------++-------
  Melee: Flail             |    76 |    62 ||   138
         Headbutt          |     9 |     8 ||    17
    Use: Scroll            |     7 |     5 ||    12
 Armour: Scale mail        |    65 |    49 ||   114
  Dodge: Dodged            |    46 |    22 ||    68
  Block: Buckler           |    18 |    11 ||    29
